 Dungeon Crawl Stone Soup version 0.19-a0-1002-g674d22e (webtiles) character file.

53 HAL9000 the Ruffian (level 3, -19/31 HPs)
             Began as a Naga Transmuter on July 18, 2016.
             Demolished by an ogre
             ... wielding a cursed -2 giant club
              (21 damage)
             ... on level 3 of the Dungeon.
             The game lasted 00:04:10 (2758 turns).

HAL9000 the Ruffian (Naga Transmuter)               Turns: 2758, Time: 00:04:10

Health: -19/31     AC:  3    Str: 13    XL:     3   Next: 89%
Magic:  6/6        EV: 10    Int: 13    God:
Gold:   51         SH:  0    Dex: 11    Spells: 2 memorised, 3 levels left

rFire  + . .     SeeInvis +       - Unarmed
rCold  . . .     Gourm    .     b - +0 robe
rNeg   . . .     Faith    .     (no shield)
rPois  +         Spirit   .     t - +0 helmet
rElec  .         Dismiss  .     (no cloak)
rCorr  .         Reflect  .     (no gloves)
SustAt .         Harm     .     (no barding)
MR     .....                    (no amulet)
Stlth  ++........               p - ring of stealth
                                m - ring of protection from fire

@: very slow, not resistant to hostile enchantments, unstealthy
A: see invisible, deformed body, poison resistance, slowness 2, slow metabolism
1, spit poison 2, AC +1
a: Spit Poison


You were on level 3 of the Dungeon.
You were hungry.

You visited 1 branch of the dungeon, and saw 3 of its levels.

You collected 51 gold pieces.

Inventory:

Missiles
 a - 45 arrows
Armour
 b - a +0 robe (worn)
 t - a +0 helmet (worn)
Jewellery
 m - a ring of protection from fire (left hand)
 p - a ring of stealth (right hand)
Scrolls
 e - 3 scrolls of teleportation
 n - a scroll of fear {unknown}
 r - a scroll of random uselessness {unknown}
 s - a scroll of recharging {unknown}
Potions
 f - 2 potions of might
 g - a potion of mutation {unknown}
 h - a potion of magic {unknown}
 i - 2 potions of lignification
 o - 2 potions of flight
Books
 c - a book of Changes

   Spells                             Type                      Level
   a - Beastly Appendage              Transmutation                1
   b - Sticks to Snakes               Transmutation                2
   c - Spider Form                    Transmutation/Poison         3
   d - Ice Form                       Ice/Transmutation            4
   e - Blade Hands                    Transmutation                5
Comestibles
 d - 3 bread rations
 k - a royal jelly
 l - a slice of pizza
 q - 2 fruits


   Skills:
 - Level 1.0 Fighting
 - Level 1.5 Dodging
 + Level 4.0 Unarmed Combat
 - Level 2.0 Spellcasting
 + Level 3.1 Transmutations


You had 3 spell levels left.
You knew the following spells:

 Your Spells              Type           Power        Failure   Level  Hunger
a - Beastly Appendage     Tmut           #.....       10%         1    ##.....
b - Sticks to Snakes      Tmut           #.......     12%         2    ###....


Dungeon Overview and Level Annotations

Branches:
Dungeon (3/15)

Altars:


Innate Abilities, Weirdness & Mutations

You cannot wear boots.
Your serpentine skin is tough. (AC +1)
You have supernaturally acute eyesight. (SInv)
Armour fits poorly on your strangely shaped body.
Your system is resistant to poisons. (rPois)
You cover ground very slowly.
You have a slow metabolism.
You can spit poison.


Message History

You hit the ogre.
The ogre is moderately wounded.
The ogre barely misses you.
You hit the ogre but do no damage.
The ogre is moderately wounded.
You barely miss the ogre.
The ogre is moderately wounded.
The ogre hits you with a giant club!
Ouch! That really hurt!
* * * LOW HITPOINT WARNING * * *
You hit the ogre.
The ogre is heavily wounded.
The ogre barely misses you.
You barely miss the ogre.
The ogre is heavily wounded.
You barely miss the ogre.
The ogre is heavily wounded.
The ogre hits you with a giant club!!
Ouch! That really hurt!
You die...

..... ..... .
#.##.
..####!#.# #
.. .....#.#..
.. ..
.#.......# ..
.........# #.#
.........## .#
.....#...####
# #.....@O.#
#.....##......
##....# !....
#......# ....
######.......
##..... .. . .


You could see an ogre.

Vanquished Creatures
  An ooze (D:1)
  A worm (D:2)
  2 dart slugs
  A giant gecko (D:1)
  6 bats
  2 giant cockroaches (D:1)
  9 goblins
  3 hobgoblins
  A quokka (D:2)
  A ball python (D:1)
  3 giant newts (D:1)
  5 kobolds
  4 rats
39 creatures vanquished.

Vanquished Creatures (collateral kills)
  An ooze (D:2)
1 creature vanquished.

Grand Total: 40 creatures vanquished

Notes
Turn   | Place    | Note
-------+----------+-------------------------------------------
     0 | D:1      | HAL9000 the Naga Transmuter began the quest for the Orb.
     0 | D:1      | Reached XP level 1. HP: 18/18 MP: 3/3
    26 | D:1      | Reached XP level 2. HP: 6/25 MP: 3/5
  1328 | D:1      | Reached XP level 3. HP: 26/31 MP: 4/6
  1944 | D:2      | Learned a level 2 spell: Sticks to Snakes
  2413 | D:2      | Reached skill level 4 in Unarmed Combat
  2747 | D:3      | Noticed an ogre
  2758 | D:3      | Demolished by an ogre

Vault maps used:
D:1:      dpeg_arrival_pits, interstate_on_off
D:2:      first_bread, serial_bayou_pond_d
D:3:      cheibrodos_ashenzari_chains

Skill      XL: |  1  2  3 |
---------------+----------+-----
Unarmed Combat | 4 |  4.0
Transmutations | 3 |  3.1
Fighting       | |  1.0
Dodging        | |  1.5
Spellcasting   | |  2.0

Action                   || total
-------------------------++-------
Melee: Unarmed           ||   158
       Headbutt          ||    10
 Cast: Beastly Appendage ||    24
       Sticks to Snakes  ||     1
 Abil: Spit Poison       ||     2
  Use: Scroll            ||     4
  Eat: Chunk             ||     4
Armor: Robe              ||    47
Dodge: Dodged            ||   111
